 Dungeon Crawl Stone Soup version 0.22-a0-618-gd6a3efe (webtiles) character file.

1068 Hebeh the Conjurer (level 8, -5/41 HPs)
             Began as a Deep Elf Fire Elementalist on July 13, 2018.
             Was a Follower of Vehumet.
             Shot with an arrow by a centaur (10 damage)
             ... on level 7 of the Dungeon.
             The game lasted 00:50:59 (8026 turns).

Hebeh the Conjurer (Deep Elf Fire Elementalist)     Turns: 8026, Time: 00:51:00

Health: -5/41      AC:  3    Str:  5    XL:     8   Next: 7%
Magic:  15/19      EV: 13    Int: 23    God:    Vehumet [*.....]
Gold:   517        SH:  0    Dex: 15    Spells: 9/19 levels left

rFire    . . .     SeeInvis .   b - +0 hunting sling
rCold    . . .     Gourm    .   (no shield)
rNeg     . . .     Faith    .   f - +0 robe
rPois    .         Spirit   .   (no helmet)
rElec    .         Reflect  .   (no cloak)
rCorr    .         Harm     .   E - +0 pair of gloves
MR       .....                  (no boots)
Stlth    ++........             (no amulet)
HPRegen  0.13/turn              (no ring)
MPRegen  0.16/turn              (no ring)

@: no status effects
A: no striking features
a: Renounce Religion


You were on level 7 of the Dungeon.
You worshipped Vehumet.
Vehumet was aware of your devotion.
You were hungry.

You visited 2 branches of the dungeon, and saw 8 of its levels.
You also visited: Ossuary.

You collected 517 gold pieces.

Inventory:

Hand Weapons
 a - a +1 flail of draining
 b - a +0 hunting sling (weapon)
 k - a +0 whip
 I - a +0 hand crossbow
 J - a +1 whip of venom
 O - a +0 dagger of speed
 P - a +0 war axe of flaming
Missiles
 h - 87 arrows
 i - 296 stones
 j - 26 sling bullets (quivered)
 l - 7 tomahawks
 t - 3 steel tomahawks
 K - 2 javelins
 M - a throwing net
Armour
 f - a +0 robe (worn)
 E - a +0 pair of gloves (worn)
 Q - a +0 shield
Wands
 L - a wand of scattershot (7)
 N - a wand of paralysis (5)
Scrolls
 d - 5 scrolls of teleportation
 e - 4 scrolls of remove curse
 m - 4 scrolls of identify
 q - a scroll of noise {unknown}
 r - a scroll of fog {unknown}
 s - 2 scrolls of enchant armour {unknown}
 v - a scroll of amnesia {unknown}
 w - 2 scrolls of enchant weapon {unknown}
 y - a scroll of blinking {unknown}
 F - a scroll of immolation {unknown}
 H - a scroll of summoning {unknown}
 R - a scroll of magic mapping
Potions
 g - 4 potions of curing
 n - 4 potions of magic
 o - 2 potions of degeneration {unknown}
 p - 2 potions of lignification
 u - 3 potions of flight {unknown}
 z - a potion of might
 A - 2 potions of brilliance {unknown}
 B - 2 potions of ambrosia {unknown}
 C - a potion of berserk rage {unknown}
 D - a potion of haste {unknown}
Comestibles
 c - 10 rations


   Skills:
 - Level 2.4 Dodging
 - Level 2.4 Stealth
 + Level 6.4 Spellcasting
 * Level 6.9 Conjurations
 * Level 6.9 Fire Magic


You had 9 spell levels left.
You knew the following spells:

 Your Spells              Type           Power        Failure   Level  Hunger
a - Flame Tongue          Conj/Fire      #####        1%          1    None
b - Magic Dart            Conj           ####         1%          1    None
c - Conjure Flame         Conj/Fire      #####...     1%          3    #......
d - Throw Flame           Conj/Fire      #####.       1%          2    None
e - Inner Flame           Hex/Fire       ###.....     6%          3    #......

Your spell library contained the following spells:

 Spells                   Type           Power        Failure   Level  Hunger
 Fireball                 Conj/Fire      #####.....   13%         5    #####..
 Throw Frost              Conj/Ice       ###...       3%          2    None
 Freeze                   Ice            #...         9%          1    None
 Sticky Flame             Conj/Fire      #####...     4%          4    ###....
 Summon Ice Beast         Ice/Summ       #.......     63%         4    ###....
 Ozocubu's Armour         Chrm/Ice       #.......     24%         3    #......
 Throw Icicle             Conj/Ice       ###.....     21%         4    ###....


Dungeon Overview and Level Annotations

Branches:
Dungeon (7/15)             Temple (1/1) D:5

Altars:
Ashenzari
Fedhas
Gozag
Hepliaklqana
Makhleb
Okawaru
Ru
Sif Muna
Trog
Uskayaw
Vehumet
Wu Jian
Yredelemnul
Zin
The Shining One

Shops:
D:4 [   D:5 [

Annotations:
D:7 Duvessa


Message History

Aiming: Flame Tongue (safe; 1% risk of failure)
Press: ? - help, Shift-Dir - straight line, f/p - Duvessa
Aim: Duvessa, wielding a short sword and wearing a leather armour (moderately wounded)
The flame tongue hits Duvessa.
Duvessa appears unharmed.
Duvessa is moderately wounded.
The adder closely misses you.
Duvessa says, "When magic and the sword combine, nothing stands against them."
The hound bites you.
The centaur shoots an arrow.
The arrow hits you!
* * * LOW HITPOINT WARNING * * *
The adder misses you.
You feel much better. The hound closely misses you.
The centaur shoots an arrow.
The arrow hits you.
A bullfrog skeleton comes into view.
The adder closely misses you. The hound misses you.
The centaur shoots an arrow.
The arrow hits you.
* * * LOW HITPOINT WARNING * * *
The hound bites you.
* * * LOW HITPOINT WARNING * * *
The adder barely misses you.
The centaur shoots an arrow.
The arrow hits you!
You die...

.....# .# #<#
..............
##.# #.#
............. #<.#
..# ............#
#.## #.##
............####.#
..
..............#..#
... ............#
... ...
.......e(...# #.##
#.. .......@....#
#. .>..!..hS...#
.. ........#.##...
......#.#... #
#....##.. ###
####c ... . .Z. ..
....


You could see Duvessa, a centaur, a hound, an adder and a bullfrog skeleton.

Vanquished Creatures
  An ogre (D:5)
  A bullfrog (D:6)
  A scorpion (D:4)
  A howler monkey (D:4)
  A centaur zombie (D:5)
  2 orc priests
  A hound (D:5)
  A gnoll shaman (D:5)
  Ijyb (D:5)
  3 orc wizards
  3 worker ants
  A big kobold zombie (Ossuary)
  8 mummies (Ossuary)
  2 worker ant zombies
  11 gnolls
  11 adders
  A shadow imp (D:6)
  2 oozes
  An adder skeleton (D:5)
  3 dart slugs
  3 leopard geckos
  19 orcs
  A ball python (D:3)
  8 giant cockroaches
  2 gnoll zombies (Ossuary)
  8 goblins
  8 hobgoblins
  10 jackals
  7 kobolds
  5 quokkas
  A ball python skeleton (D:4)
  8 bats
  2 frilled lizards
  A hobgoblin zombie (Ossuary)
  A jackal skeleton (D:5)
  3 kobold zombies (Ossuary)
  An orc zombie (Ossuary)
  2 quokka zombies (D:4)
  7 rats
153 creatures vanquished.

Notes
Turn   | Place    | Note
-------+----------+-------------------------------------------
     0 | D:1      | Hebeh the Deep Elf Fire Elementalist began the quest for the Orb.
     0 | D:1      | Reached XP level 1. HP: 10/10 MP: 6/6
   333 | D:1      | Reached XP level 2. HP: 15/15 MP: 6/8
   809 | D:1      | Reached XP level 3. HP: 19/19 MP: 6/10
  1988 | D:2      | Found a glowing silver altar of Zin.
  2083 | D:2      | Found a deep blue altar of Sif Muna.
  2228 | D:2      | Reached XP level 4. HP: 18/24 MP: 7/11
  2290 | D:2      | Found a sacrificial altar of Ru.
  2908 | D:3      | Reached XP level 5. HP: 18/28 MP: 2/13
  3565 | D:3      | Found a glowing golden altar of the Shining One.
  3866 | D:3      | Learned a level 2 spell: Throw Flame
  3870 | D:3      | Learned a level 3 spell: Conjure Flame
  4020 | D:4      | Reached XP level 6. HP: 31/32 MP: 7/15
  4091 | D:4      | Found Duocofuq's Armour Emporium.
  4193 | D:4      | Found a sand-covered staircase.
  4253 | Ossuary  | Entered an ossuary
  4332 | Ossuary  | Reached skill level 5 in Spellcasting
  4427 | Ossuary  | Reached skill level 5 in Fire Magic
  4434 | Ossuary  | Reached skill level 5 in Conjurations
  4858 | D:4      | Found a hide-covered altar of Uskayaw.
  5224 | D:5      | Entered Level 5 of the Dungeon
  5224 | D:5      | Found Nogroxu's Armour Boutique.
  5368 | D:5      | Reached XP level 7. HP: 36/36 MP: 14/17
  5545 | D:5      | Found a staircase to the Ecumenical Temple.
  5560 | Temple   | Entered the Ecumenical Temple
  5588 | Temple   | Became a worshipper of Vehumet
  5631 | D:5      | Noticed Ijyb
  5688 | D:5      | HP: 1/36 [orc priest/divine providence (15)]
  5869 | D:5      | Killed Ijyb
  6177 | D:5      | Found a basalt altar of Yredelemnul.
  6385 | D:5      | Got an ichor-stained ring mail
  6462 | D:5      | Identified the cursed +1 ring mail of Theory {rF+ Str+2 Slay+5} (You found it on level 5 of the Dungeon)
  6509 | D:6      | Learned a level 3 spell: Inner Flame
  6569 | D:6      | Reached * piety under Vehumet
  6569 | D:6      | Offered knowledge of Magic Dart by Vehumet.
  6572 | D:6      | Learned a level 1 spell: Magic Dart
  6932 | D:6      | Found an iron altar of Okawaru.
  7400 | D:6      | Found an ornate altar of the Wu Jian Council.
  7436 | D:6      | Reached XP level 8. HP: 41/41 MP: 5/19
  8019 | D:7      | Noticed Duvessa
  8026 | D:7      | Shot with an arrow by a centaur

Vault maps used:
D:1:      eino_arrival_druids_welcome
D:2:      zin_statuary, nicolae_overflow_crystal_walls, nicolae_ru_awakened_eye
D:3:      first_ration, nicolae_tso_swordbearing_angel
D:4:      lemuel_round_altar, enter_ossuary_4, serial_shops,
          nicolae_shop_behind_doors
D:5:      old_standard_altar, minmay_temple_entry_overgrown, serial_shops, shop,
          hangedman_decor_clover_reticule, uniq_ijyb
D:6:      kennysheep_little_box, okawaru_altar_gauntlet_db
D:7:      xom_confusion_cloud, uniq_menkaure, uniq_duvessa
Temple:   regret_index_temple_sphere_string
Ossuary:  ossuary_tomb_3

Skill      XL: |  1  2  3  4  5  6  7 |
---------------+----------------------+-----
Conjurations   | 2 3 4 5 6 |  6.9
Spellcasting   | 4 5 6 |  6.4
Fire Magic     | 4 5 6 |  6.9
Dodging        | |  2.4
Stealth        | |  2.4

Action                   |  1- 3 |  4- 6 |  7- 9 || total
-------------------------+-------+-------+-------++-------
Melee: Unarmed           |     4 |       |       ||     4
       Dagger            |       |       |    26 ||    26
       Flail             |       |       |     3 ||     3
 Fire: Hunting sling     |       |    62 |     9 ||    71
Throw: Stone             |    16 |       |       ||    16
       Tomahawk          |    24 |    24 |       ||    48
 Cast: Flame Tongue      |    64 |   147 |    62 ||   273
       Throw Flame       |       |     1 |    17 ||    18
       Magic Dart        |       |       |    44 ||    44
       Conjure Flame     |       |       |     5 ||     5
       Inner Flame       |       |       |     3 ||     3
  Use: Scroll            |       |     9 |     3 ||    12
       Potion            |       |       |     3 ||     3
  Eat: Chunk             |     4 |     6 |     4 ||    14
       Ration            |       |     1 |     1 ||     2
Armor: Robe              |     5 |     9 |    12 ||    26
Dodge: Dodged            |    12 |    37 |    51 ||   100

Table legend:
 A = Spawn XP
 B = Non-spawn XP
 C = Spawn XP percentage of total XP
 D = Spawn monster count
 E = Non-spawn monster count
 F = Spawn count percentage of total count
 G = Total turns spent on level
                    A         B        C        D         E        F      G
               +---------+---------+-------+---------+---------+-------+---------
         Total |       0 |    1527 |   0.0 |       0 |     153 |   0.0 |  8026
               +---------+---------+-------+---------+---------+-------+---------
           D:1 |       0 |      52 |   0.0 |       0 |      26 |   0.0 |  1521
           D:2 |       0 |      52 |   0.0 |       0 |      19 |   0.0 |  1119
           D:3 |       0 |     165 |   0.0 |       0 |      25 |   0.0 |  1243
           D:4 |       0 |     201 |   0.0 |       0 |      12 |   0.0 |   927
           D:5 |       0 |     460 |   0.0 |       0 |      27 |   0.0 |  1148
           D:6 |       0 |     418 |   0.0 |       0 |      28 |   0.0 |  1476
       Ossuary |       0 |     179 |   0.0 |       0 |      16 |   0.0 |   530
               +---------+---------+-------+---------+---------+-------+---------
